 Dungeon Crawl Stone Soup version 0.20.0-10-g0535bb4 (webtiles) character file.

92 MTVSty1e the Chopper (level 4, -3/38 HPs)
             Began as a Draconian Warper on June 3, 2017.
             Slain by a gnoll
             ... wielding a +0 spear
              (7 damage)
             ... on level 3 of the Dungeon.
             The game lasted 00:03:39 (2515 turns).

MTVSty1e the Chopper (Draconian Warper)             Turns: 2515, Time: 00:03:40

Health: -3/38      AC:  5    Str: 14    XL:     4   Next: 35%
Magic:  7/7        EV: 12    Int: 13    God:
Gold:   107        SH:  0    Dex: 11    Spells: 7/7 levels left

rFire    + . .     SeeInvis .   a - +0 hand axe
rCold    . . .     Gourm    .   (no shield)
rNeg     . . .     Faith    .   (armour unavailable)
rPois    .         Spirit   .   (helmet restricted)
rElec    .         Reflect  .   (no cloak)
rCorr    .         Harm     .   (no gloves)
MR       .....                  (no boots)
Stlth    +.........             (no amulet)
Regen    0.2/turn               m - ring of protection from fire
MPRegen  0.1/turn               (no ring)

@: no status effects
A: unfitting armour, cold-blooded, AC +5
a: no special abilities


You were on level 3 of the Dungeon.
You were not hungry.

You visited 1 branch of the dungeon, and saw 3 of its levels.

You collected 107 gold pieces.

Inventory:

Hand Weapons
 a - a +0 hand axe (weapon)
Missiles
 d - 5 tomahawks of dispersal (quivered)
 g - 7 tomahawks
Jewellery
 m - a ring of protection from fire (left hand)
Scrolls
 c - 2 scrolls of blinking
 j - a scroll of enchant weapon {unknown}
 n - a scroll of fog {unknown}
 p - a scroll of immolation {unknown}
 s - a scroll of recharging {unknown}
Potions
 e - 2 potions of heal wounds {unknown}
 h - a potion of cancellation {unknown}
 i - a potion of ambrosia {unknown}
 k - 2 potions of curing {unknown}
 l - 2 potions of mutation {unknown}
 o - a potion of invisibility {unknown}
 q - a potion of brilliance {unknown}
Books
 b - a book of Spatial Translocations

   Spells                             Type                      Level
   a - Blink                          Translocation                2
   b - Shroud of Golubria             Charms/Translocation         2
   c - Lesser Beckoning               Translocation                3
   d - Gell's Gravitas                Translocation                3
   e - Teleport Other                 Translocation                3
   f - Passage of Golubria            Translocation                4
Comestibles
 f - a bread ration


   Skills:
 + Level 3.0 Fighting
 * Level 4.1 Axes
 - Level 0.8 Throwing
 - Level 2.1 Dodging
 + Level 0.6 Stealth
 - Level 2.0 Spellcasting
   Level 3.0 Translocations


You had 7 spell levels left.
You didn't know any spells.

Dungeon Overview and Level Annotations

Branches:
Dungeon (3/15)

Altars:

Annotations:
D:3 itsmu's ghost, amateur TrWr


Innate Abilities, Weirdness & Mutations

Your plain brown scales are hard. (AC +5)
You cannot fit into any form of body armour.
You are cold-blooded and may be slowed by cold attacks.


Message History

You are too injured to fight recklessly!
You are too injured to fight recklessly!
You hit the gnoll.
The gnoll is severely wounded.
The gnoll completely misses you. The gnoll hits you with a flail.
A gnoll comes into view. It is wielding a flail.
You hit the gnoll.
You kill the gnoll!
Your Fighting skill increases to level 3!
The gnoll barely misses you. The gnoll hits you with a spear!
* * * LOW HITPOINT WARNING * * *
The gnoll hits you with a flail.
* * * LOW HITPOINT WARNING * * *
Things that are here:
a flail; a gnoll corpse You closely miss the gnoll.
The gnoll is heavily wounded.
You barely miss the gnoll. The gnoll hits you with a spear!
You die...

.# #.## .# #...# (#
#...# .# #...# .##
#...# ###### ..#
######...###.....
#.###..?..........###
#.......%........g..#
#<###..$........@g#
#.# ######...###.##
#.# #...# #.# #.#
#...# #.. #.# #...#
#### ..# #..># #.#
##.## #.# #.# #.#


You could see 2 gnolls.

Vanquished Creatures
  A worker ant (D:3)
  A gnoll (D:3)
  2 adders
  4 leopard geckos (D:1)
  4 bats
  2 giant cockroaches (D:1)
  A goblin (D:1)
  6 hobgoblins
  4 kobolds
  A quokka (D:2)
  4 frilled lizards
  9 rats
39 creatures vanquished.

Notes
Turn   | Place    | Note
-------+----------+-------------------------------------------
     0 | D:1      | MTVSty1e the Draconian Warper began the quest for the Orb.
     0 | D:1      | Reached XP level 1. HP: 17/17 MP: 3/3
   402 | D:1      | Reached XP level 2. HP: 10/25 MP: 5/5
   801 | D:1      | Reached skill level 3 in Axes
  1423 | D:2      | Reached XP level 3. HP: 30/30 MP: 6/6
  1883 | D:3      | Reached XP level 4. HP: 21/37 MP: 7/7
  2199 | D:3      | Noticed itsmu's ghost (amateur TrWr)
  2203 | D:3      | Reached skill level 4 in Axes
  2515 | D:3      | Slain by a gnoll

Skill      XL: |  1  2  3  4 |
---------------+-------------+-----
Axes           | 3 4 |  4.1
Fighting       | 3 |  3.0
Throwing       | |  0.8
Dodging        | |  2.1
Stealth        | |  0.6
Spellcasting   | |  2.0
Translocations | |  3.0

Action                   |  1- 3 |  4- 6 || total
-------------------------+-------+-------++-------
Melee: Hand axe          |    98 |    22 ||   120
       Tailslap          |     9 |     2 ||    11
  Use: Scroll            |       |     1 ||     1
 Stab: Sleeping          |     1 |       ||     1
  Eat: Chunk             |     2 |     2 ||     4
       Royal jelly       |       |     1 ||     1
Armor: Skin              |    24 |     7 ||    31
Dodge: Dodged            |    76 |    11 ||    87
